 Dungeon Crawl Stone Soup version 0.19-a0-1932-g59670f6 (webtiles) character file.

8377 taqueso the Cleaver (level 11, -2/83 HPs)
             Began as a Formicid Fighter on Oct 26, 2016.
             Was a Believer of Ashenzari.
             Slain by a hill giant
             ... wielding a +0 giant spiked club
              (8 damage)
             ... on level 10 of the Dungeon.
             The game lasted 00:33:18 (14441 turns).

taqueso the Cleaver (Formicid Fighter)             Turns: 14441, Time: 00:33:19

Health: -2/83      AC: 11    Str: 22    XL:     11   Next: 54%
Magic:  11/11      EV: 10    Int:  7    God:    Ashenzari [**....]
Gold:   553        SH: 13    Dex: 13    Spells: 0 memorised, 10 levels left

rFire  . . .     SeeInvis +     h - +1 battleaxe (curse)
rCold  . . .     Gourm    .     j - +0 chain mail (curse)
rNeg   + . .     Faith    .     c - +0 shield (curse)
rPois  .         Spirit   .     (helmet unavailable)
rElec  .         Reflect  .     z - +0 cloak (curse)
rCorr  .         Harm     .     (no gloves)
MR     +....                    (no boots)
Stlth  ..........               P - amulet of regeneration (curse) {+regen, !d}
                                D - ring of stealth (curse) {Stlth+}
                                E - ring of positive energy (curse) {rN+}

@: no status effects
A: permanent stasis, dig shafts and tunnels, four strong arms, antennae 3
a: Dig, Shaft Self, Curse Item, Scrying, Renounce Religion


You were on level 10 of the Dungeon.
You worshipped Ashenzari.
Ashenzari was pleased with you.
You were not hungry.

You visited 2 branches of the dungeon, and saw 11 of its levels.
You also visited: Sewer.

You collected 553 gold pieces.

Inventory:

Hand Weapons
 b - a +1 whip of flaming
   (You took it off Pikel on level 7 of the Dungeon)
 h - a cursed +1 battleaxe (weapon)
   (You found it on level 2 of the Dungeon)
 r - a +4 scimitar of flaming
   (You took it off Erica on level 9 of the Dungeon)
 y - a +2 battleaxe of chopping
   (You took it off an orc warrior on level 9 of the Dungeon)
 N - a +2 mace of pain
   (You took it off an orc on level 10 of the Dungeon)
Missiles
 g - 235 stones (quivered)
 H - 5 tomahawks
Armour
 c - a cursed +0 shield (worn)
 j - a cursed +0 chain mail (worn)
   (You took it off an orc warrior on level 6 of the Dungeon)
 z - a cursed +0 cloak (worn)
   (You took it off Crazy Yiuf on level 3 of the Dungeon)
Jewellery
 s - an uncursed ring of flight {+Fly, !d}
   (You found it on level 2 of the Dungeon)
 D - a cursed ring of stealth (right hand) {Stlth+}
   (You found it on level 4 of the Dungeon)
 E - a cursed ring of positive energy (left hand) {rN+}
   (You found it on level 4 of the Dungeon)
 P - a cursed amulet of regeneration (around neck) {+regen, !d}
   (You found it on level 6 of the Dungeon)
 W - a +4 amulet of reflection
   (You took it off an orc on level 7 of the Dungeon)
Wands
 e - a wand of polymorph (9/24)
   (You found it on level 8 of the Dungeon)
 i - a wand of acid (7/15)
   (You found it on level 8 of the Dungeon)
 o - a wand of digging (6/24)
   (You took it off Joseph on level 8 of the Dungeon)
 p - a wand of polymorph (11/24)
   (You found it on level 9 of the Dungeon)
 v - a wand of acid (9/15)
   (You found it on level 3 of the Dungeon)
 B - a wand of iceblast (9/15)
   (You found it on level 4 of the Dungeon)
 C - a wand of teleportation (5/9)
   (You found it on level 9 of the Dungeon)
 G - a wand of digging (7/24)
   (You took it off Grum on level 9 of the Dungeon)
Scrolls
 k - a scroll of remove curse
 t - a scroll of enchant armour {unknown}
 w - 2 scrolls of immolation {!r}
 F - 3 scrolls of magic mapping {!r}
 I - a scroll of amnesia {unknown}
Potions
 a - 2 potions of magic
 d - a potion of curing
 l - 4 potions of flight
 q - 2 potions of brilliance
 x - a potion of mutation {!q}
 K - a potion of cure mutation {unknown}
 L - a potion of haste {unknown}
 M - 2 potions of cancellation
Books
 Q - a book of Misfortune
   (You found it on level 6 of the Dungeon)
 Y - a book of Callings
   (You found it on level 7 of the Dungeon)
Comestibles
 f - 4 bread rations {@e1}
 m - 2 slices of pizza
 n - a beef jerky
 u - 3 meat rations {@e2}
 J - 4 fruits
 R - 4 chunks of flesh {@w0}


   Skills:
 + Level 6.8 Fighting
 * Level 11.8(13.8) Axes
 + Level 6.9 Armour
 + Level 4.8 Dodging
 + Level 10.4(11.7) Shields


You had 10 spell levels left.
You didn't know any spells.

Dungeon Overview and Level Annotations

Branches:
Dungeon (10/15)            Temple (1/1) D:4             Orc (0/2) D:9
   Lair: D:8-11

Altars:
Ashenzari
Cheibriados
Dithmenos
Elyvilon
Fedhas
Gozag
Hepliaklqana
Kikubaaqudgha
Makhleb
Nemelex Xobeh
Okawaru
Qazlal
Ru
Sif Muna
Trog
Uskayaw
Vehumet
Xom
Yredelemnul
Zin
The Shining One

Shops:
D:4 *


Innate Abilities, Weirdness & Mutations

You are under a permanent stasis effect.
You can dig through walls and to a lower floor.
Your four strong arms can wield two-handed weapons with a shield.
You have a pair of large antennae on your head. (SInv)


Message History

g - 237 stones (gained 1)
You start resting.
Health restored: 83
There is an open door here.
Eating one of 5 chunks of flesh {@w0}.
You start eating one of the 5 chunks of flesh {@w0}.
You are feeling hungry.
The worker ant twitches its antennae in your direction.
Aim: a worker ant You throw a stone.
The stone barely misses the worker ant.
Aim: a worker ant You throw a stone.
The stone barely misses the worker ant.
Aim: a worker ant You throw a stone.
The stone hits the worker ant.
You hit the worker ant. You block the worker ant's attack.
You closely miss the worker ant. You block the worker ant's attack.
You slice the worker ant!!
You kill the worker ant!
No target in view!
No target in view!
No target in view!
g - 235 stones (gained 1)
g - 236 stones (gained 1)
g - 237 stones (gained 1) Some of the chunks of flesh in your inventory have rotted away.
You sense a monster nearby.
As you open the door, it creaks loudly!
There is an open door here.
You extend your mandibles.
You dig through the rock wall.
You dig through the rock wall.
The two-headed ogre shouts in stereo!
You hear a bellow!
You retract your mandibles.
You slash the two-headed ogre!
You block the two-headed ogre's attack. x2
You barely miss the two-headed ogre.
The two-headed ogre hits you with a dire flail.
The two-headed ogre hits you but does no damage.
You take 4 damage, and have 79/83 hp.
You slice the two-headed ogre!!
The two-headed ogre hits you with a dire flail.
The two-headed ogre hits you but does no damage.
A rat comes into view.
You take 1 damage, and have 78/83 hp.
You slice the two-headed ogre!!
You kill the two-headed ogre!
Aim: a rat You throw a stone.
The stone hits the rat but does no damage.
Aim: a rat You throw a stone.
The stone hits the rat but does no damage.
Aim: a rat You throw a stone.
The stone closely misses the rat.
Aim: a rat You throw a stone.
The stone hits the rat.
Aim: a rat (severely wounded)
You throw a stone. The stone hits the rat.
You kill the rat!
No target in view!
No target in view!
No target in view!
No target in view!
Things that are here:
a +0 dire flail x2; a two-headed ogre corpse; Health restored: 83 You butcher the two-headed ogre corpse.
R - 6 chunks of flesh {@w0} (gained 4)
Things that are here:
a +0 dire flail x2
g - 233 stones (gained 1)
g - 234 stones (gained 1) Some of the chunks of flesh in your inventory have rotted away.
g - 235 stones (gained 1)
A hill giant comes into view. It is wielding a giant spiked club.
The hill giant shouts!
You extend your mandibles.
You dig through the rock wall.
You start waiting.
You retract your mandibles.
You slash the hill giant!
The hill giant hits you with a giant spiked club!!
You hear an angry hiss.
You take 32 damage, and have 51/83 hp.
MASSIVE DAMAGE!!
You hit the hill giant. You hit the hill giant.
The hill giant barely misses you.
You slash the hill giant!
The hill giant hits you with a giant spiked club!!
You take 18 damage, and have 34/83 hp.
MASSIVE DAMAGE!!
You slash the hill giant!
The hill giant hits you with a giant spiked club!!
* * * LOW HITPOINT WARNING * * *
You take 29 damage, and have 5/83 hp.
MASSIVE DAMAGE!!
Okay, then.
Unknown command.
Are you sure you want to shaft yourself?
You feel quite a bit more hungry.
You begin to dig a shaft.
You continue digging a shaft.
The hill giant hits you with a giant spiked club!
You die...

*################### ##
.................. ..$,
,
#..#........##..##....
##...........##....C...
........#....@#{$......
, ,
#.....#...C##........ ,
,#..#...........##....
, , ...#....#########.#
. , #..#....'...... .#*
##..#....#...... .. , ,
,...#....######., ... *
,, *#..#.........#,,
..P,, #..#.....##..#


,.PPP , You could see a hill giant.

Vanquished Creatures
  Erica (D:9)
  The ghost of tedric the Zephyrmancer, a journeyman TeAE of Uskayaw (D:10)
  Pikel (D:7)
  Joseph (D:8)
  A two-headed ogre (D:10)
  A hippogriff (D:7)
  5 yaks (D:10)
  Grum (D:9)
  2 hungry ghosts (D:9)
  A water moccasin (D:7)
  5 orc warriors
  A black bear (D:9)
  2 ice beasts
  2 phantoms (D:9)
  A necrophage (D:8)
  3 slaves (D:7)
  5 ogres
  5 centaurs
  4 wolves (D:8)
  4 big kobolds (Sewer)
  A bullfrog (D:8)
  A gnoll sergeant (D:6)
  2 water moccasin zombies
  2 scorpions
  3 killer bees (D:8)
  3 wights (D:6)
  A troll zombie (D:9)
  A howler monkey (D:8)
  A bullfrog zombie (D:6)
  A bullfrog skeleton (D:4)
  Crazy Yiuf (D:3)
  6 hounds
  8 orc priests
  12 orc wizards
  Natasha (twice) (D:3)
  Terence (D:2)
  An iguana (D:4)
  5 worker ants
  5 ogre zombies (D:9)
  2 hound skeletons
  4 gnolls
  14 adders
  4 river rats
  2 shadow imps
  7 oozes
  An adder skeleton (D:6)
  10 worms
  4 dart slugs
  7 leopard geckos
  35 orcs
  11 giant cockroaches
  6 goblins
  11 hobgoblins
  5 jackals
  4 quokkas
  4 ball pythons (Sewer)
  10 bats
  4 frilled lizards
  A goblin skeleton (D:9)
  2 goblin zombies (D:9)
  2 hobgoblin skeletons (D:9)
  2 hobgoblin zombies (D:9)
  10 kobolds
  2 leopard gecko skeletons
  An orc skeleton (D:9)
  11 orc zombies (D:9)
  A quokka skeleton (D:4)
  19 rats
  3 fungi (D:3)
303 creatures vanquished.

Vanquished Creatures (others)
  A human (D:4)
  A fungus (D:10)
2 creatures vanquished.

Grand Total: 305 creatures vanquished

Notes
Turn   | Place    | Note
-------+----------+-------------------------------------------
     0 | D:1      | taqueso the Formicid Fighter began the quest for the Orb.
     0 | D:1      | Reached XP level 1. HP: 18/18 MP: 1/1
    64 | D:1      | Reached XP level 2. HP: 24/24 MP: 2/2
   259 | D:1      | Reached skill level 3 in Axes
   450 | D:1      | Reached XP level 3. HP: 29/29 MP: 3/3
  1039 | D:1      | Reached skill level 4 in Axes
  1039 | D:1      | Reached XP level 4. HP: 34/35 MP: 4/4
  1972 | D:2      | Noticed Terence
  1987 | D:2      | Killed Terence
  1987 | D:2      | Reached skill level 5 in Axes
  1987 | D:2      | Reached XP level 5. HP: 16/41 MP: 5/5
  2781 | D:3      | HP: 10/41 [orc priest (1)]
  3069 | D:3      | Reached XP level 6. HP: 25/47 MP: 6/6
  3564 | D:3      | Reached skill level 6 in Axes
  4092 | D:3      | Found a runed door.
  4096 | D:3      | Noticed Crazy Yiuf
  4105 | D:3      | Killed Crazy Yiuf
  4225 | D:3      | Noticed Natasha
  4231 | D:3      | Killed Natasha
  4696 | D:3      | Noticed Natasha
  4705 | D:3      | Killed Natasha
  4943 | D:4      | Reached skill level 7 in Axes
  4943 | D:4      | Reached XP level 7. HP: 52/52 MP: 7/7
  5229 | D:4      | Found a staircase to the Ecumenical Temple.
  5237 | Temple   | Entered the Ecumenical Temple
  5598 | D:4      | Found an ancient bone altar of Kikubaaqudgha.
  5607 | D:4      | Reached skill level 8 in Axes
  5622 | D:4      | Noticed a human
  5623 | D:4      | Killed a human
  5672 | D:4      | Found Ifaecewa's General Store.
  6034 | D:5      | Entered Level 5 of the Dungeon
  6131 | D:5      | Reached XP level 8. HP: 39/58 MP: 8/8
  6508 | D:5      | Found a radiant altar of Vehumet.
  6519 | D:5      | Reached skill level 4 in Shields
  6547 | D:5      | HP: 14/58 [centaur (3)]
  6548 | D:5      | Reached skill level 5 in Shields
  7549 | D:6      | Found a blossoming altar of Fedhas.
  7835 | D:6      | Reached skill level 6 in Shields
  7868 | D:6      | Found a glowing drain.
  7872 | Sewer    | Entered a sewer
  8316 | Sewer    | Reached skill level 7 in Shields
  8437 | Sewer    | HP: 14/58 [poisoned by a kobold]
  8445 | Sewer    | HP: 13/58 [poisoned by a kobold]
  8453 | Sewer    | HP: 12/58 [poisoned by a kobold]
  8901 | Sewer    | Reached XP level 9. HP: 54/64 MP: 9/9
  9022 | Sewer    | Reached skill level 8 in Shields
  9263 | D:6      | Reached skill level 9 in Axes
  9301 | D:6      | HP: 16/64 [orc warrior/dire flail (5)]
  9673 | D:6      | Reached skill level 1 in Dodging
  9682 | D:6      | HP: 9/64 [orc warrior/hand axe (9)]
  9688 | D:6      | HP: 14/64 [orc warrior/hand axe (3)]
  9787 | D:6      | Found a shattered altar of Ashenzari.
  9790 | D:6      | Became a worshipper of Ashenzari the Shackled
  9832 | D:6      | Reached skill level 4 in Armour
  9847 | D:6      | Found a hazy altar of Hepliaklqana.
  9857 | D:6      | Found a hide-covered altar of Uskayaw.
  9857 | D:6      | Found a shadowy altar of Dithmenos.
 10174 | D:6      | Found a stormy altar of Qazlal.
 10442 | D:7      | Noticed a hippogriff
 10452 | D:7      | Killed a hippogriff
 10452 | D:7      | Reached skill level 4 in Fighting
 10452 | D:7      | Reached skill level 2 in Dodging
 10555 | D:7      | Reached skill level 9 in Shields
 10732 | D:7      | Reached skill level 10 in Axes
 10805 | D:7      | Reached XP level 10. HP: 73/73 MP: 10/10
 10908 | D:7      | Found a glowing golden altar of the Shining One.
 11409 | D:7      | Found a sacrificial altar of Ru.
 11454 | D:8      | Noticed Grum
 11472 | D:8      | Reached skill level 5 in Armour
 11472 | D:8      | Reached skill level 3 in Dodging
 11560 | D:8      | Noticed Pikel
 11585 | D:7      | Reached skill level 5 in Fighting
 11935 | D:7      | Killed Pikel
 12227 | D:8      | Reached * piety under Ashenzari
 12348 | D:8      | Noticed Joseph
 12365 | D:8      | Killed Joseph
 12650 | D:8      | Found a white marble altar of Elyvilon.
 12650 | D:8      | Found a deep blue altar of Sif Muna.
 12805 | D:9      | Found a staircase to the Orcish Mines.
 12820 | D:9      | Paralysed by fainting for 12 turns
 12896 | D:9      | Reached skill level 11 in Axes
 13096 | D:9      | Reached skill level 6 in Armour
 13112 | D:9      | Reached skill level 4 in Dodging
 13183 | D:9      | Noticed Erica
 13211 | D:9      | Killed Erica
 13211 | D:9      | Reached skill level 6 in Fighting
 13211 | D:9      | Reached skill level 10 in Shields
 13211 | D:9      | Reached XP level 11. HP: 73/81 MP: 11/11
 13257 | D:9      | Killed Grum
 13487 | D:9      | Found a sparkling altar of Nemelex Xobeh.
 13513 | D:9      | Reached ** piety under Ashenzari
 13871 | D:10     | Entered Level 10 of the Dungeon
 14269 | D:10     | Noticed tedric's ghost (journeyman TeAE)
 14298 | D:10     | Killed tedric's ghost
 14425 | D:10     | Noticed a hill giant
 14439 | D:10     | HP: 5/83 [hill giant/giant spiked club (30)]
 14441 | D:10     | Slain by a hill giant

Vault maps used:
D:1:      dpeg_arrival_prison, minivault_23, hangedman_decor_peaks_small,
          minmay_misc_feat_square
D:2:      wad_crossroads, minivault_5, minmay_strange_pillars, uniq_terence
D:3:      uniq_crazy_yiuf_cottage, uniq_natasha
D:4:      serial_shops, kennysheep_little_box, fountainhead,
          kennysheep_another_room, hangedman_abyss_or_decor_passed,
          tgw_kikubaaqudgha
D:5:      vehumet_crystals, first_bread
D:6:      lemuel_crystal_altar, old_standard_altar,
          gammafunk_temple_overflow_forgotten, gup_sewer_entry_spiral,
          fedhas_altar_2
D:7:      nicolae_ru_path_of_blood, old_standard_altar
D:8:      gammafunk_temple_overflow_elements, uniq_joseph, uniq_grum, uniq_pikel
D:9:      nemelex_xobeh_ov_fountains_minmay, zombieorc1_lemuel, uniq_erica
D:10:     grunt_lair_entry_orc_guard_hut
Temple:   nicolae_temple_figure_zero
Sewer:    sewer_co_tree

Skill      XL: |  1  2  3  4  5  6  7  8  9 10 |
---------------+-------------------------------+-----
Axes           | 3 4 5 7 8 10 11 | 11.8
Shields        | 7 9 10 | 10.4
Dodging        | 2 4 |  4.8
Armour         | 4 6 |  6.9
Fighting       | 4 6 |  6.8

Action                   |  1- 3 |  4- 6 |  7- 9 | 10-12 || total
-------------------------+-------+-------+-------+-------++-------
Melee: War axe           |    81 |   203 |   515 |    31 ||   830
       Battleaxe         |       |       |       |   378 ||   378
Throw: Stone             |    98 |   123 |   171 |   152 ||   544
Invok: Curse Item        |       |       |       |     6 ||     6
       Scrying           |       |       |       |     1 ||     1
 Abil: Dig               |       |    13 |    13 |     3 ||    29
       Evoke Flight      |       |     1 |       |       ||     1
       Shaft Self        |       |       |       |     1 ||     1
  Use: Potion            |       |     2 |     3 |     2 ||     7
       Scroll            |       |       |     7 |    11 ||    18
  Eat: Chunk             |     1 |    14 |    21 |    12 ||    48
       Meat ration       |       |       |       |     1 ||     1
       Beef jerky        |       |       |       |     1 ||     1
Armor: Scale mail        |    45 |    78 |   107 |       ||   230
       Chain mail        |       |       |    47 |   137 ||   184
Dodge: Dodged            |    47 |    77 |   160 |   142 ||   426
Block: Shield            |       |       |   130 |   261 ||   391

Vault maps used:
D:1:      dpeg_arrival_prison, minivault_23, hangedman_decor_peaks_small,
          minmay_misc_feat_square
D:2:      wad_crossroads, minivault_5, minmay_strange_pillars, uniq_terence
D:3:      uniq_crazy_yiuf_cottage, uniq_natasha
D:4:      serial_shops, kennysheep_little_box, fountainhead,
          kennysheep_another_room, hangedman_abyss_or_decor_passed,
          tgw_kikubaaqudgha
D:5:      vehumet_crystals, first_bread
D:6:      lemuel_crystal_altar, old_standard_altar,
          gammafunk_temple_overflow_forgotten, gup_sewer_entry_spiral,
          fedhas_altar_2
D:7:      nicolae_ru_path_of_blood, old_standard_altar
D:8:      gammafunk_temple_overflow_elements, uniq_joseph, uniq_grum, uniq_pikel
D:9:      nemelex_xobeh_ov_fountains_minmay, zombieorc1_lemuel, uniq_erica
D:10:     grunt_lair_entry_orc_guard_hut
Temple:   nicolae_temple_figure_zero
Sewer:    sewer_co_tree

Table legend:
 A = Turns spent in this place as a percentage of turns spent in the entire game.
 B = Non-inter-level travel turns spent in this place as a percentage of non-inter-level travel turns spent in the entire game.
 C = Inter-level travel turns spent in this place as a percentage of turns spent in this place.
 D = Turns resting spent in this place as a percentage of non-inter-level travel turns spent in this place.
 E = Turns spent auto-exploring this place as a percentage of non-inter-level travel turns spent in this place.
 F = Non-inter-level travel turns spent in this place divided by the number of levels of this place that you've seen.
                   A       B       C       D       E      F
               +-------+-------+-------+-------+-------+----------------------
         Total | 100.0 | 100.0 |   0.5 |   1.8 |  11.3 | 311.2
       Dungeon |  90.6 |  90.6 |   0.5 |   1.8 |  11.0 | 338.4
        Temple |   0.5 |   0.5 |   5.6 |   0.0 |  76.5 |  17.0
         Sewer |   8.9 |   8.9 |   0.0 |   1.5 |  11.1 | 333.0
               +-------+-------+-------+-------+-------+----------------------

Table legend:
 A = Kills in this place as a percentage of kills in entire the game.
 B = Kills by you in this place as a percentage of kills by you in the entire game.
 C = Kills by friends in this place as a percentage of kills by friends in the entire game.
 D = Other kills in this place as a percentage of other kills in the entire game.
 E = Experience gained in this place as a percentage of experience gained in the entire game.
 F = Experience gained in this place divided by the number of levels of this place that you have seen.
                   A       B       C       D       E      F
               +-------+-------+-------+-------+-------+----------------------
         Total | 100.0 | 100.0 |  -nan |  -nan | 100.0 | 997.3
       Dungeon |  90.6 |  90.6 |  -nan |  -nan |  95.8 | 1146.1
         Sewer |   9.4 |   9.4 |  -nan |  -nan |   4.2 | 507.0
               +-------+-------+-------+-------+-------+----------------------
